 Dungeon Crawl Stone Soup version 0.21-a0-349-g0c35859 (webtiles) character file.

258 tidbits the Charmwright (level 6, -3/50 HPs)
             Began as a Gnoll Skald on Oct 8, 2017.
             Killed from afar by Ijyb (27 damage)
             ... with a wand of lightning (?/15)
             ... on level 3 of the Dungeon.
             The game lasted 00:08:59 (1191 turns).

tidbits the Charmwright (Gnoll Skald)               Turns: 1191, Time: 00:08:59

Health: -3/50      AC:  4    Str: 14    XL:     6   Next: 16%
Magic:  10/13      EV: 15    Int: 17    God:
Gold:   131        SH:  0    Dex: 14    Spells: 4/15 levels left

rFire    . . .     SeeInvis .   a - +1 hand axe
rCold    . . .     Gourm    .   (no shield)
rNeg     + . .     Faith    .   h - +2 robe {Archmagi}
rPois    .         Spirit   .   (helmet restricted)
rElec    .         Reflect  .   (no cloak)
rCorr    .         Harm     +   (no gloves)
MR       .....                  (no boots)
Stlth    ++........             s - amulet of harm
HPRegen  0.16/turn              l - ring of positive energy
MPRegen  0.13/turn              (no ring)

@: infused
A: distributed training, fangs 1, horns 1, sense surroundings 1, strong nose
a: no special abilities


You were on level 3 of the Dungeon.
You were not hungry.

You visited 1 branch of the dungeon, and saw 4 of its levels.
You also visited: Sewer.

You collected 131 gold pieces.

Inventory:

Hand Weapons
 a - a +1 hand axe (weapon)
Missiles
 g - 43 arrows
Armour
 b - a +0 leather armour
 h - a +2 robe of the Archmagi (worn)
   (You found it on level 1 of the Dungeon)
Jewellery
 l - a ring of positive energy (left hand)
   (You found it on level 1 of the Dungeon)
 s - an amulet of harm (around neck)
   (You found it on level 3 of the Dungeon)
Wands
 r - a wand of flame (25/48)
Scrolls
 e - 3 scrolls of remove curse
 i - 2 scrolls of enchant weapon
 k - 2 scrolls of identify {unknown}
 n - 2 scrolls of teleportation {unknown}
 o - a scroll of noise {unknown}
 q - 2 scrolls of random uselessness
Potions
 m - a potion of ambrosia {unknown}
Books
 c - a book of Battle

   Spells                             Type                      Level
   a - Infusion                       Charms                       1
   b - Shroud of Golubria             Charms/Translocation         2
   c - Song of Slaying                Charms                       2
   d - Spectral Weapon                Hexes/Charms                 3
   e - Regeneration                   Charms/Necromancy            3
Comestibles
 d - 5 bread rations
 p - 2 meat rations


   Skills:
 + Level 4.9 Fighting
 + Level 1.8 Short Blades
 + Level 1.8 Long Blades
 + Level 4.9 Axes
 + Level 1.8 Maces & Flails
 + Level 1.8 Polearms
 + Level 1.8 Staves
 + Level 1.8 Slings
 + Level 1.8 Bows
 + Level 1.8 Crossbows
 + Level 1.8 Throwing
 + Level 3.1 Armour
 + Level 4.9 Dodging
 + Level 1.8 Stealth
 + Level 1.8 Shields
 + Level 1.8 Unarmed Combat
 + Level 5.3 Spellcasting
 + Level 1.8 Conjurations
 + Level 1.8 Hexes
 + Level 6.8 Charms
 + Level 1.8 Summonings
 + Level 1.8 Necromancy
 + Level 1.8 Translocations
 + Level 1.8 Transmutations
 + Level 1.8 Fire Magic
 + Level 1.8 Ice Magic
 + Level 1.8 Air Magic
 + Level 1.8 Earth Magic
 + Level 1.8 Poison Magic
 + Level 1.8 Invocations
 + Level 1.8 Evocations


You had 4 spell levels left.
You knew the following spells:

 Your Spells              Type           Power        Failure   Level  Hunger
g - Shroud of Golubria    Chrm/Tloc      ####......   3%          2    #......
i - Infusion              Chrm           ####         1%          1    None
r - Regeneration          Chrm/Necr      ####......   7%          3    ##.....
w - Spectral Weapon       Hex/Chrm       ####....     7%          3    ##.....
y - Song of Slaying       Chrm           #####...     1%          2    #......


Dungeon Overview and Level Annotations

Branches:
Dungeon (4/15)
 Temple: D:4-7

Altars:

Annotations:
D:3 Crazy Yiuf, Ijyb


Innate Abilities, Weirdness & Mutations

Your experience applies equally to all skills.
You have very sharp teeth.
Your uncanny sense of smell can sniff out nearby items.
You have a pair of small horns on your head.
You passively map a small area around you.


Message History

There is a glowing drain here.
You closely miss the giant cockroach. You headbutt the giant cockroach.
You bite the giant cockroach.
The giant cockroach is severely wounded.
The giant cockroach bites you.
You hit the giant cockroach.
You kill the giant cockroach!
The world spins around you as you enter the gateway.
You enter a sewer!
Found a gate leading back out of this place.
There is an empty arch of ancient stone here.
Eat a chunk of flesh? (ye/n/q)
You eat the chunk of flesh.
This raw flesh tastes terrible.
Casting: Regeneration
Confirm with . or Enter, or press ? or * to list all spells.
You feel a surge of power!
Your skin crawls.
You enter the shallow water.
Moving in this stuff is going to be slow.
Your skin is crawling a little less now.
Your skin stops crawling.
You enter the shallow water.
Moving in this stuff is going to be slow.
A rat and a worm come into view.
Casting: Regeneration
Confirm with . or Enter, or press ? or * to list all spells.
You feel a surge of power!
You draw out your weapon's spirit!
You swap places.
You hit the rat.
You kill the rat!
You swap places.
You enter the shallow water.
Moving in this stuff is going to be slow.
You enter the shallow water.
Moving in this stuff is going to be slow.
You enter the shallow water.
Moving in this stuff is going to be slow.
There is a gate leading back out of this place here.
Welcome back to the Dungeon!
Your summoned ally is left behind.
Your spectral weapon fades away.
There is a collapsed entrance here.
You enter the shallow water.
Moving in this stuff is going to be slow.
You see here a rat corpse.
Magic restored.
You see here a leather armour.
A hobgoblin comes into view. It is wielding a club.
The hobgoblin shouts!
Casting: Spectral Weapon
Confirm with . or Enter, or press ? or * to list all spells.
You feel a surge of power!
You begin infusing your attacks with magical energy.
The hobgoblin barely misses you.
You hit the hobgoblin.
You kill the hobgoblin!
You see here a club.
Found a mace.
Found two maces.
You see here a mace.
Found a runed mace and two maces.
Found a runed door.
You see here a mace.
You see here a runed mace.
You see here a mace.
You see here a mace.
You open the door.
Ijyb and Crazy Yiuf come into view.
Crazy Yiuf is wielding a quarterstaff of chaos.
Ijyb unwields an uncursed dagger.
Ijyb drops an uncursed dagger.
Ijyb picks up a mace.
Ijyb wields a mace.
Found seven maces and an uncursed dagger.
Press: ? - help, v - describe, . - travel, g - get item
Here: Ijyb, wielding a mace and wearing a leather armour An uncursed dagger.
The floor.
You close the door.
Casting: Infusion
Confirm with . or Enter, or press ? or * to list all spells.
You feel a surge of power!
You draw out your weapon's spirit!
You swap places.
Ijyb opens the door.
You see here a mace.
Ijyb zaps a wand.
The bolt of lightning hits your spectral weapon.
Your spectral weapon resists.
Your spectral weapon shares its damage with you!
The bolt of lightning hits you!
Ouch! That really hurt!
* * * LOW HITPOINT WARNING * * *
The tree burns like a torch!
It is a wand of lightning (?/15).
* * * LOW HITPOINT WARNING * * *
You see here a runed mace.
You see here a mace.
Okay, then.
As you read the scroll labeled XEIR LAATSENO, it crumbles to dust.
You experience a momentary feeling of inescapable doom!
It was a scroll of random uselessness.
Ijyb zaps a wand.
The bolt of lightning hits your spectral weapon.
Your spectral weapon resists.
Your spectral weapon shares its damage with you!
The bolt of lightning hits you!
Ouch! That really hurt!
You die...

#.# , , , #.# * *
* * #.# * , * #.#
,, , #.# , , #)#
** #.# #.###♣♣♣♣♣
#.#...)♣@♣♣♣ ###
#......)§()♣#)))#
#....PP♣♣♣♣g'))g#
* ##...P♣♣
♣♣#)))# ####♣♣
###


You could see Ijyb and a friendly spectral hand axe.

Vanquished Creatures
  An ogre (D:4)
  An iguana (D:4)
  Terence (D:3)
  Natasha (D:2)
  4 adders
  2 worms
  A dart slug (D:3)
  2 leopard geckos (D:3)
  3 ball pythons (D:3)
  4 bats (D:2)
  2 giant cockroaches (D:3)
  7 goblins
  7 hobgoblins
  4 jackals (D:1)
  A quokka (D:2)
  3 frilled lizards
  2 kobolds
  9 rats
55 creatures vanquished.

Notes
Turn   | Place    | Note
-------+----------+-------------------------------------------
     0 | D:1      | tidbits the Gnoll Skald began the quest for the Orb.
     0 | D:1      | Reached XP level 1. HP: 20/20 MP: 6/6
   152 | D:1      | You fall through a shaft!
   182 | D:2      | Reached XP level 2. HP: 23/26 MP: 1/7
   186 | D:2      | Learned a level 2 spell: Song of Slaying
   189 | D:2      | Learned a level 2 spell: Shroud of Golubria
   306 | D:2      | Noticed Natasha
   316 | D:2      | Killed Natasha
   316 | D:2      | Reached skill level 5 in Spellcasting
   316 | D:2      | Reached XP level 3. HP: 10/31 MP: 3/9
   346 | D:1      | Learned a level 3 spell: Regeneration
   350 | D:1      | Learned a level 3 spell: Spectral Weapon
   561 | D:2      | Reached skill level 1 in Short Blades
   561 | D:2      | Reached skill level 1 in Long Blades
   561 | D:2      | Reached skill level 1 in Maces & Flails
   561 | D:2      | Reached skill level 1 in Polearms
   561 | D:2      | Reached skill level 1 in Staves
   561 | D:2      | Reached skill level 1 in Slings
   561 | D:2      | Reached skill level 1 in Bows
   561 | D:2      | Reached skill level 1 in Crossbows
   561 | D:2      | Reached skill level 1 in Throwing
   561 | D:2      | Reached skill level 1 in Stealth
   561 | D:2      | Reached skill level 1 in Shields
   561 | D:2      | Reached skill level 1 in Unarmed Combat
   561 | D:2      | Reached skill level 1 in Conjurations
   561 | D:2      | Reached skill level 1 in Hexes
   561 | D:2      | Reached skill level 1 in Summonings
   561 | D:2      | Reached skill level 1 in Necromancy
   561 | D:2      | Reached skill level 1 in Translocations
   561 | D:2      | Reached skill level 1 in Transmutations
   561 | D:2      | Reached skill level 1 in Fire Magic
   561 | D:2      | Reached skill level 1 in Ice Magic
   561 | D:2      | Reached skill level 1 in Air Magic
   561 | D:2      | Reached skill level 1 in Earth Magic
   561 | D:2      | Reached skill level 1 in Poison Magic
   561 | D:2      | Reached skill level 1 in Invocations
   561 | D:2      | Reached skill level 1 in Evocations
   561 | D:2      | Reached XP level 4. HP: 30/38 MP: 3/11
   796 | D:4      | Noticed an ogre
   805 | D:4      | Killed an ogre
   805 | D:4      | Reached XP level 5. HP: 43/43 MP: 5/12
   851 | D:4      | Reached skill level 3 in Armour
   910 | D:3      | Noticed Terence
   942 | D:3      | Gained mutation: You passively map a small area around you. [potion of mutation]
   942 | D:3      | Gained mutation: You have a pair of small horns on your head. [potion of mutation]
   950 | D:3      | Killed Terence
   952 | D:3      | Reached XP level 6. HP: 13/50 MP: 5/13
  1073 | D:3      | Found a glowing drain.
  1084 | Sewer    | Entered a sewer
  1181 | D:3      | Found a runed door.
  1185 | D:3      | Noticed Crazy Yiuf
  1185 | D:3      | Noticed Ijyb
  1191 | D:3      | Killed from afar by Ijyb

Vault maps used:
D:1:      saegor_arrival_miasma
D:2:      first_bread, uniq_natasha
D:3:      gup_sewer_entry_bubbles, st_stairs_14, uniq_terence,
          uniq_crazy_yiuf_cottage, uniq_ijyb
D:4:      marbit_many_paths, nrook_uturn, nicolae_qazlal_style_of_elements
Sewer:    sewer_co_tree

Skill      XL: |  1  2  3  4  5 |
---------------+----------------+-----
Spellcasting   | 5 |  5.3
Short Blades   | 1 |  1.8
Long Blades    | 1 |  1.8
Maces & Flails | 1 |  1.8
Polearms       | 1 |  1.8
Staves         | 1 |  1.8
Slings         | 1 |  1.8
Bows           | 1 |  1.8
Crossbows      | 1 |  1.8
Throwing       | 1 |  1.8
Stealth        | 1 |  1.8
Shields        | 1 |  1.8
Unarmed Combat | 1 |  1.8
Conjurations   | 1 |  1.8
Hexes          | 1 |  1.8
Summonings     | 1 |  1.8
Necromancy     | 1 |  1.8
Translocations | 1 |  1.8
Transmutations | 1 |  1.8
Fire Magic     | 1 |  1.8
Ice Magic      | 1 |  1.8
Air Magic      | 1 |  1.8
Earth Magic    | 1 |  1.8
Poison Magic   | 1 |  1.8
Invocations    | 1 |  1.8
Evocations     | 1 |  1.8
Armour         | 3 |  3.1
Fighting       | |  4.9
Axes           | |  4.9
Dodging        | |  4.9
Charms         | |  6.8

Action                   |  1- 3 |  4- 6 || total
-------------------------+-------+-------++-------
Melee: Hand axe          |    69 |    56 ||   125
       Bite              |     4 |     8 ||    12
       Headbutt          |       |     5 ||     5
       Punch             |       |     1 ||     1
 Cast: Infusion          |    11 |     5 ||    16
       Spectral Weapon   |     1 |    10 ||    11
       Regeneration      |     1 |     2 ||     3
  Use: Scroll            |     2 |     1 ||     3
       Potion            |       |     2 ||     2
 Stab: Sleeping          |     2 |       ||     2
  Eat: Chunk             |       |     2 ||     2
Armor: Robe              |    28 |     4 ||    32
Dodge: Dodged            |    56 |    61 ||   117

Table legend:
 A = Spawn XP
 B = Non-spawn XP
 C = Spawn XP percentage of total XP
 D = Spawn monster count
 E = Non-spawn monster count
 F = Spawn count percentage of total count
 G = Total turns spent on level
                    A         B        C        D         E        F      G
               +---------+---------+-------+---------+---------+-------+---------
         Total |       0 |     369 |   0.0 |       0 |      55 |   0.0 |  1191
               +---------+---------+-------+---------+---------+-------+---------
           D:1 |       0 |      20 |   0.0 |       0 |      12 |   0.0 |   390
           D:2 |       0 |      72 |   0.0 |       0 |      15 |   0.0 |   268
           D:3 |       0 |     104 |   0.0 |       0 |      24 |   0.0 |   422
           D:4 |       0 |     172 |   0.0 |       0 |       3 |   0.0 |    66
         Sewer |       0 |       1 |   0.0 |       0 |       1 |   0.0 |    45
               +---------+---------+-------+---------+---------+-------+---------

Table legend:
 A = Turns spent in this place as a percentage of turns spent in the entire game.
 B = Non-inter-level travel turns spent in this place as a percentage of non-inter-level travel turns spent in the entire game.
 C = Inter-level travel turns spent in this place as a percentage of turns spent in this place.
 D = Turns resting spent in this place as a percentage of non-inter-level travel turns spent in this place.
 E = Turns spent auto-exploring this place as a percentage of non-inter-level travel turns spent in this place.
 F = Non-inter-level travel turns spent in this place divided by the number of levels of this place that you've seen.
                   A       B       C       D       E      F
               +-------+-------+-------+-------+-------+----------------------
         Total | 100.0 | 100.0 |   2.4 |   0.0 |   0.0 | 232.6
       Dungeon |  96.2 |  96.1 |   2.4 |   0.0 |   0.0 | 279.5
         Sewer |   3.8 |   3.9 |   0.0 |   0.0 |   0.0 |  45.0
               +-------+-------+-------+-------+-------+----------------------

Table legend:
 A = Kills in this place as a percentage of kills in entire the game.
 B = Kills by you in this place as a percentage of kills by you in the entire game.
 C = Kills by friends in this place as a percentage of kills by friends in the entire game.
 D = Other kills in this place as a percentage of other kills in the entire game.
 E = Experience gained in this place as a percentage of experience gained in the entire game.
 F = Experience gained in this place divided by the number of levels of this place that you have seen.
                   A       B       C       D       E      F
               +-------+-------+-------+-------+-------+----------------------
         Total | 100.0 | 100.0 |   N/A |   N/A | 100.0 |  73.8
       Dungeon |  98.2 |  98.2 |   N/A |   N/A |  99.7 |  92.0
         Sewer |   1.8 |   1.8 |   N/A |   N/A |   0.3 |   1.0
               +-------+-------+-------+-------+-------+----------------------

Vault maps used:
D:1:      saegor_arrival_miasma
D:2:      first_bread, uniq_natasha
D:3:      gup_sewer_entry_bubbles, st_stairs_14, uniq_terence,
          uniq_crazy_yiuf_cottage, uniq_ijyb
D:4:      marbit_many_paths, nrook_uturn, nicolae_qazlal_style_of_elements
Sewer:    sewer_co_tree
